AoeStats
← 星河

Arena

506069289Analyzed
3v3 RM · 21d ago on Sep 12, 2026· 45m 32s· 6 players
Game mode
Random Map
Map size
Normal (6 player)
Population
200
Speed
Normal
Resources
Standard
Victory
Conquest
Starting age
Dark Age
Ending age
Imperial Age
RankedLock teamsTeams togetherTeam positionsShared explorationLock speedFull tech treeHidden civsTurbo modeCheats
Victory
Defeat
🇦🇺 Ethiopians · Australia
1017
+11
🇦🇷 Huns · Argentina
1014
+11
🇧🇾 Turks · Belarus
990
+11
🇨🇳 Poles · China
912
-33
🇨🇳 Mongols · China
908
-11
🇺🇸 Bulgarians · United States
861
-10
Ezer
0:29 Loom
12:41 Feudal Age
16:57 Castle Age
14:55 Double-Bit Axe
16:52 Gold Mining
17:11 Horse Collar
26:22 Stone Mining
28:23 Padded Archer Armor
29:19 Wheelbarrow
29:51 Leather Archer Armor
39:33 Imperial Age
38:23 Gold Shaft Mining
38:56 Heavy Plow
40:36 Hand Cart
40:07 Town Watch
40:53 Ballistics
41:15 Conscription
John G
5:41 Loom
13:00 Feudal Age
16:36 Castle Age
14:49 Double-Bit Axe
14:49 Horse Collar
22:05 Scale Barding Armor
27:07 Chain Barding Armor
26:58 Forging
28:24 Wheelbarrow
28:44 Marauders
29:44 Iron Casting
32:56 Heavy Plow
33:10 Bow Saw
37:29 Hand Cart
42:42 Marauders
43:10 Bloodlines
43:04 Husbandry
TheSpider007917
5:27 Loom
11:16 Feudal Age
17:42 Castle Age
15:34 Arson
16:05 Stone Mining
16:39 Fletching
17:08 Double-Bit Axe
17:55 Gold Mining
18:38 Squires
20:18 Bow Saw
20:20 Padded Archer Armor
22:48 Crossbowman
24:33 Light Cavalry
25:13 Husbandry
27:44 Bodkin Arrow
28:00 Town Watch
30:19 Wheelbarrow
32:07 Hand Cart
34:42 Imperial Age
36:10 Royal Heirs
36:31 Conscription
37:12 Gold Shaft Mining
36:33 Halberdier
38:26 Two-Man Saw
40:23 Bracer
40:25 Scale Mail Armor
41:45 Arbalester
42:44 Leather Archer Armor
43:57 Town Patrol
46:11 Ballistics
46:51 Chemistry
45:48 Murder Holes
46:03 Masonry
46:04 Fortified Wall
45:47 Guard Tower
Socrates_Johnson
10:36 Feudal Age
11:05 Loom
15:28 Castle Age
13:58 Double-Bit Axe
13:56 Horse Collar
18:50 Bow Saw
22:15 Stone Mining
22:52 Pikeman
23:29 Fletching
23:51 Forging
23:47 Scale Barding Armor
23:44 Gold Mining
24:54 Iron Casting
24:20 Scale Mail Armor
25:16 Wheelbarrow
25:12 Heavy Plow
26:13 Light Cavalry
27:36 Chain Barding Armor
27:39 Bloodlines
28:17 Husbandry
30:22 Murder Holes
30:41 Stirrups
32:12 Hand Cart
33:20 Chain Mail Armor
36:50 Ballistics
36:25 Murder Holes
40:09 Masonry
40:44 Fletching
他爸他ma
9:56 Feudal Age
10:44 Horse Collar
13:09 Double-Bit Axe
19:49 Castle Age
17:55 Stone Mining
18:49 Gold Mining
21:07 Bow Saw
21:14 Pikeman
22:32 Heavy Plow
28:17 Thumb Ring
27:33 Crossbowman
星河
3:28 Loom
13:39 Feudal Age
15:00 Wheelbarrow
15:11 Horse Collar
15:20 Double-Bit Axe
18:13 Gold Mining
Connection lost

Rejoining the realm…

Still unreachable

The connection could not be restored.

Session expired

The server has moved on; the page needs a fresh start.